 Dungeon Crawl Stone Soup version 0.31-a0-765-g67fe2935dc (webtiles) character file.

Game seed: 8109444000705398828

2663 Firecrotchwizard the Grappler (level 9, -2/81 HPs)
             Began as a Ghoul Monk on Sept 16, 2023.
             Was a Priest of Makhleb.
             Slain by a steam dragon (6 damage)
             ... on level 7 of the Dungeon.
             The game lasted 00:14:37 (5933 turns).

Firecrotchwizard the Grappler (Ghoul Monk)          Turns: 5933, Time: 00:14:38

Health: -2/81      AC: 11    Str: 19    XL:     9   Next: 63%
Magic:  11/11      EV: 10    Int:  5    God:    Makhleb [***...]
Gold:   134        SH:  5    Dex: 11    Spells: 8/8 levels left

rFire   . .          .
                       - Unarmed
rCold   + . .        c - orb {light}
rNeg    + + +        d - +0 scale mail
rPois   ∞            (no helmet)
rElec   .            (no cloak)
rCorr   .            (no gloves)
SInv    .            l - +0 pair of boots
Will    .....        q - amulet of reflection Stlth
                     D - +4 ring of protection
HPRegen 0.00/turn    (no ring)
MPRegen 0.12/turn

%: reflection
@: inhibited regen, glowing
A: claws 1, cold resistance 1, negative energy resistance 3, inhibited
regeneration, torment resistance 2, devour on kill
a: Renounce Religion, Minor Destruction, Lesser Servant of Makhleb


You were on level 7 of the Dungeon.
You worshipped Makhleb.
Makhleb was most pleased with you.
You visited 2 branches of the dungeon, and saw 8 of its levels.

You collected 296 gold pieces.
You spent 162 gold pieces at shops.

Inventory:

Missiles
 r - 13 poisoned darts
 F - 2 throwing nets {@!f}
Armour
 a - a +0 robe
 c - an orb of light (worn)
 d - a +0 scale mail (worn)
 e - an orb of energy
 l - a +0 pair of boots (worn)
 s - a +2 pair of gloves
Jewellery
 k - a ring of flight
 q - an amulet of reflection (around neck)
 z - a ring of ice
 A - a ring of protection from fire
 D - a +4 ring of protection (left claw)
Scrolls
 g - a scroll of fog {unknown}
 i - 4 scrolls of identify
 j - a scroll of immolation {unknown}
 m - 2 scrolls of amnesia {unknown}
 o - 3 scrolls of enchant armour
 p - 2 scrolls of revelation {unknown}
 t - 3 scrolls of teleportation
 u - a scroll of blinking {unknown}
 v - a scroll of butterflies {unknown}
 w - a scroll of enchant weapon {unknown}
 x - a scroll of noise {unknown}
 y - a scroll of brand weapon {unknown}
 B - a scroll of poison {unknown}
Potions
 b - 2 potions of ambrosia
 f - 4 potions of curing {unknown}
 h - a potion of degeneration {unknown}
 n - 2 potions of lignification {unknown}
 C - a potion of enlightenment {unknown}
 E - a potion of brilliance {unknown}


   Skills:
 + Level 8.3 Fighting
 - Level 2.6 Dodging
 * Level 11.2 Unarmed Combat
 + Level 4.8 Invocations


You had 8 spell levels left.
You didn't know any spells.
Your spell library contained the following spells:

 Spells                   Type           Power      Damage    Failure   Level
 Magic Dart               Conj           0%         1d3       86%         1
 Shock                    Conj/Air       0%         1d3       86%         1
 Poisonous Vapours        Pois/Air       0%         N/A       95%         2
 Searing Ray              Conj           0%         2d4       95%         2
 Gell's Gravitas          Tloc           0%         N/A       99%         3
 Mephitic Cloud           Conj/Pois/Air  0%         N/A       99%         3
 Ozocubu's Armour         Ice            0%         N/A       99%         3
 Swiftness                Air            0%         N/A       99%         3
 Teleport Other           Tloc           0%         N/A       99%         3
 Airstrike                Air            0%         2d(0-16)  100%        4
 Fulminant Prism          Conj/Hex       0%         3d5       100%        4
 Fireball                 Conj/Fire      0%         3d3       100%        5
 Freezing Cloud           Conj/Ice/Air   0%         6-21      100%        5
 Iskenderun's Battlesphe  Conj           0%         2d6       100%        5
 Conjure Ball Lightning   Conj/Air       0%         3x3d6     100%        6
 Dispersal                Tloc           0%         N/A       100%        6
 Orb of Destruction       Conj           0%         9d5       100%        7
 Ozocubu's Refrigeration  Ice            0%         4d7       100%        7
 Summon Hydra             Summ           0%         N/A       100%        7
 Sublimation of Blood     Necr           Unusable   N/A       N/A         2
 Wereblood                Tmut           Unusable   N/A       N/A         2

Dungeon Overview and Level Annotations

Branches:
Dungeon (7/15)             Temple (1/1) D:4

Altars:
Ashenzari
Cheibriados
Dithmenos
Fedhas
Gozag
Kikubaaqudgha
Makhleb
Nemelex Xobeh
Okawaru
Qazlal
Ru
Sif Muna
Trog
Uskayaw
Vehumet
Wu Jian
Xom
Yredelemnul

Shops:
D:2 ?   D:3 :

Annotations:
D:4 2 transporters
D:5 2 transporters, garrulousMonolith's ghost, novice GrEE


Innate Abilities, Weirdness & Mutations

You are immune to poison.
You have sharp fingernails.
Your flesh is cold resistant. (rC+)
You are immune to negative energy. (rN+++)
You do not regenerate when monsters are visible.
You are immune to unholy pain and torment.
You thrive by killing the living.


Message History

You mangle the wight!!
You destroy the wight!
Makhleb accepts your kill.
You feel better.
You barely miss the iguana.
The iguana bites you but does no damage.
The wight hits you but does no damage.
You claw the iguana!
The iguana is heavily wounded.
The iguana bites you but does no damage.
The wight hits you from afar with a +0 spear.
You claw the iguana!
You kill the iguana!
Makhleb accepts your kill.
You feel better.
The wight zaps a wand.
The mass of ice explodes!
The iceblast engulfs you. You partially resist.
You hear an angry hiss.
You hear a shout!
You hear an angry growl.
The wight hits you with a +0 spear.
Items here: )) [[.
You mangle the wight!!
You destroy the wight!
Makhleb accepts your kill.
A black bear comes into view.
Your Unarmed Combat skill increases to level 11!
Something unseen opens the door.
An ogre comes into view. It is wielding a +0 giant spiked club.
The ogre shouts!
You scratch the black bear.
The black bear is lightly wounded.
You scratch the black bear.
The black bear is lightly wounded.
The black bear bites you but does no damage.
The black bear claws you but does no damage.
You block the black bear's attack.
You scratch the black bear but do no damage.
The black bear is lightly wounded.
The ogre hits you with a +0 giant spiked club!
The black bear barely misses you. x2; The black bear completely misses you.
You scratch the black bear.
The black bear is moderately wounded.
The black bear barely misses you.
The black bear claws you but does no damage.
You block the black bear's attack.
You scratch the black bear.
The black bear is moderately wounded.
The ogre hits you with a +0 giant spiked club!
The black bear bites you!
The black bear claws you but does no damage.
You block the black bear's attack.
You scratch the black bear.
The black bear is heavily wounded.
You claw the black bear!
You kill the black bear!
Makhleb accepts your kill.
You feel better. The ogre hits you but does no damage.
You scratch the ogre.
The ogre is lightly wounded.
The ogre hits you with a +0 giant spiked club!!
* * * LOW HITPOINT WARNING * * *
You are too injured to fight recklessly!
You claw the ogre!
The ogre is severely wounded.
You claw the ogre!
You kill the ogre!
Makhleb accepts your kill.
You can now summon a lesser servant of Makhleb.
You feel better.
A wight comes into view. It is wielding a +3 morningstar.
Found 14 gold pieces.
Things that are here:
a +0 giant spiked club; an ogre corpse A steam dragon comes into view.
The steam dragon hisses angrily.
You claw the wight!
The wight is severely damaged.
You scratch the wight but do no damage.
The wight is severely damaged.
The wight hits you with a +3 morningstar.
* * * LOW HITPOINT WARNING * * *
You scratch the wight.
You destroy the wight!
Makhleb accepts your kill. The steam dragon breathes steam at you.
The ball of steam hits you!
* * * LOW HITPOINT WARNING * * *
You barely miss the steam dragon.
The steam dragon bites you but does no damage.
You block the steam dragon's attack.
You mangle the steam dragon!!
The steam dragon is heavily wounded.
The steam dragon bites you.
* * * LOW HITPOINT WARNING * * *
The steam dragon claws you but does no damage.
You claw the steam dragon!
The steam dragon is almost dead.
You scratch the steam dragon but do no damage.
The steam dragon is almost dead.
The steam dragon bites you.
You die...

.... ##.......
.... #...#
##...... ....
#...# #...... ....
'...' #...... ....
#...# #.....< ....
#...# #.[.... ....
#...# #.......
.... #.D.#
####........ #§@.#
#...##.......
#)..##....
##......
#...#..... #......
+...'....$ #......
#.)†#....
##...##....
##.....##... #.
##.....).#####.. .
........).........
..


You could see a steam dragon.

Vanquished Creatures
  Grinder (D:4)
  The ghost of Heh the Trooper, an amateur OpRe of Okawaru (D:6)
  A water moccasin (D:5)
  3 ice beasts
  2 black bears
  An ogre (D:7)
  3 centaurs
  A phantom (D:5)
  Blork the orc (D:4)
  A gnoll sergeant (D:7)
  A scorpion (D:5)
  4 wights (D:7)
  5 killer bees (D:6)
  3 howler monkeys
  2 jellies
  2 orc priests
  3 hounds
  4 iguanas
  4 orc wizards
  2 sleepcaps
  5 gnolls (D:7)
  5 adders
  4 worms
  2 dart slugs (D:3)
  16 orcs
  7 ball pythons
  7 endoplasms
  5 giant cockroaches
  7 goblins
  4 hobgoblins
  2 jackals (D:5)
  5 quokkas
  6 bats
  3 frilled lizards
  2 kobolds
  5 rats
130 creatures vanquished.

Notes
Turn   | Place    | Note
-------+----------+-------------------------------------------
     0 | D:1      | Firecrotchwizard the Ghoul Monk began the quest for the
                  | Orb.
     0 | D:1      | Reached XP level 1. HP: 19/19 MP: 0/0
   331 | D:1      | Reached XP level 2. HP: 26/26 MP: 1/1
   552 | D:1      | Reached skill level 4 in Unarmed Combat
   845 | D:2      | Reached XP level 3. HP: 33/33 MP: 2/2
  1124 | D:2      | Found Calieveaf's Magic Scroll Shop.
  1216 | D:2      | Bought a scroll of teleportation for 39 gold pieces
  1530 | D:3      | Reached XP level 4. HP: 36/40 MP: 3/3
  1782 | D:3      | Found a blossoming altar of Fedhas.
  1832 | D:3      | Reached skill level 5 in Unarmed Combat
  1955 | D:3      | Found Syotihu's Book Emporium.
  2299 | D:4      | Noticed Blork the orc
  2305 | D:4      | Killed Blork the orc
  2306 | D:4      | Reached XP level 5. HP: 39/47 MP: 4/4
  2340 | D:4      | Noticed a black bear
  2349 | D:4      | Killed a black bear
  2350 | D:4      | Reached skill level 5 in Fighting
  2350 | D:4      | Reached skill level 6 in Unarmed Combat
  2350 | D:4      | Reached XP level 6. HP: 37/56 MP: 5/5
  2649 | D:4      | Found a transporter.
  2778 | D:4      | Found a transporter.
  2859 | D:4      | Found a staircase to the Ecumenical Temple.
  2873 | Temple   | Entered the Ecumenical Temple
  2878 | Temple   | Became a worshipper of Makhleb the Destroyer
  2878 | Temple   | Reached * piety under Makhleb
  2878 | Temple   | Reached ** piety under Makhleb
  2922 | D:4      | Noticed Grinder
  2935 | D:4      | Killed Grinder
  2936 | D:4      | Reached skill level 7 in Unarmed Combat
  2936 | D:4      | Reached XP level 7. HP: 62/62 MP: 6/6
  3467 | D:5      | Entered Level 5 of the Dungeon
  3467 | D:5      | Noticed a two-headed ogre
  3664 | D:5      | Reached skill level 8 in Unarmed Combat
  3724 | D:5      | Reached XP level 8. HP: 38/71 MP: 7/7
  3830 | D:5      | Found a transporter.
  3832 | D:5      | Found a transporter.
  3832 | D:5      | Noticed garrulousMonolith's ghost (novice GrEE)
  3866 | D:5      | Reached skill level 9 in Unarmed Combat
  3866 | D:5      | Reached skill level 1 in Invocations
  4293 | D:6      | Found an ancient bone altar of Kikubaaqudgha.
  4411 | D:6      | Found a runed translucent door.
  4441 | D:6      | Noticed Heh's ghost (amateur OpRe)
  4538 | D:6      | Reached skill level 10 in Unarmed Combat
  4546 | D:6      | Reached XP level 9. HP: 42/79 MP: 10/10
  5174 | D:6      | Killed Heh's ghost
  5550 | D:2      | Bought a scroll of identify for 26 gold pieces
  5550 | D:2      | Bought a scroll of enchant armour for 97 gold pieces
  5909 | D:7      | Reached skill level 11 in Unarmed Combat
  5921 | D:7      | Reached *** piety under Makhleb
  5931 | D:7      | HP: 4/81 [steam dragon (6)]
  5933 | D:7      | Slain by a steam dragon

Illustrated notes

Levels and vault maps discovered:
D:1:      minmay_arrival_widening_spiral_wide, layout_loops_ring,
          corexii_leaking_fountain
D:2:      layout_loops_ring, serial_shops, nicolae_shop_real_fake_doors
D:3:      layout_loops_ring, lemuel_round_altar, serial_shops, shop
D:4:      gammafunk_steamed_eel, layout_loops_corners,
          minmay_temple_entry_offerings, serial_co_window_serial,
          co_window_paths_a, co_window_corner_a, co_window_paths_a,
          co_window_paths_a, co_window_corner_a, co_window_corner_b,
          co_window_corner_ca, co_window_2corner, co_window_corner_ca,
          co_window_cross_3, co_window_unsneaky_path_a, co_window_2corner,
          co_window_sun, glass_columns_a, glass_columns_a, glass_columns_b,
          uniq_blork_the_orc, uniq_grinder
D:5:      layout_basic, gammafunk_ghost_arena
D:6:      layout_loops_ring, kiku_gazebo_pond_becter,
          ebering_ghost_reflecting_pool, hangedman_decor_push
D:7:      kennysheep_six_static_rooms, layout_layer_cave, grunt_ogre_cave
Temple:   nicolae_temple_bog_church

Skill      XL: |  1  2  3  4  5  6  7  8  9 |
---------------+----------------------------+-----
Unarmed Combat | 4 5 6 7 8 10 11 | 11.2
Fighting       | 4 5 6 7 8 |  8.3
Invocations    | 3 4 |  4.8
Dodging        | |  2.6

Action                     |  1- 3 |  4- 6 |  7- 9 || total
---------------------------+-------+-------+-------++-------
  Melee: Unarmed           |   103 |    74 |   202 ||   379
 Armour: Scale mail        |    67 |    28 |   136 ||   231
  Dodge: Dodged            |    51 |    29 |    94 ||   174
  Block: Orb               |       |    10 |    38 ||    48
         Reflection        |       |       |     3 ||     3

Table legend: (Time is in decaauts)
 A = Elapsed time spent in this place.
 B = Non-inter-level travel time spent in this place.
 C = Inter-level travel time spent in this place.
 D = Time resting spent in this place.
 E = Time spent auto-exploring this place.
 F = Levels seen in this place.
 G = Mean time per level.
                   A        B        C        D        E       F      G
               +--------+--------+--------+--------+--------+-----+--------+
         Total |   5887 |   5450 |    437 |    109 |   4436 |   8 |  735.9 |
       Dungeon |   5876 |   5448 |    428 |    109 |   4436 |   7 |  839.4 |
        Temple |     10 |      1 |      9 |      0 |      0 |   1 |   10.0 |
               +--------+--------+--------+--------+--------+-----+--------+

Top non-repeatable levels by time:
     D:4: 1252 daAuts
     D:6: 963 daAuts
     D:5: 837 daAuts
     D:3: 786 daAuts
     D:2: 778 daAuts
     D:1: 749 daAuts
     D:7: 509 daAuts
  Temple: 10 daAuts
